 Dungeon Crawl Stone Soup version 0.17.0-7-gfadd4cc (webtiles) character file.

3222 dorian the Distorting Demonspawn (level 9, -2/63 HPs)
             Began as a Demonspawn Abyssal Knight on Nov 8, 2015.
             Was a Believer of Lugonu.
             Slain by a troll (14 damage)
             ... on level 8 of the Dungeon.
             The game lasted 00:15:06 (8353 turns).

dorian the Distorting Demonspawn (DsAK)             Turns: 8353, Time: 00:15:06

Health: -2/63      AC: 21    Str: 18    XL:     9   Next: 66%
Magic:  26/26      EV: 11    Int: 14    God:    Lugonu [**....]
Gold:   323        SH:  0    Dex: 13    Spells: 0 memorised, 8 levels left

rFire  + + .     SeeInvis .     O - +3 war axe
rCold  . . .     Clarity  .     s - +2 chain mail {rF+}
rNeg   . . .     SustAt   .     (no shield)
rPois  .         Gourm    .     D - +0 helmet
rElec  .         Spirit   .     (no cloak)
rCorr  .         Warding  .     j - +2 pair of gloves {Str+3}
rMut   .         Stasis   .     i - +0 pair of boots (curse)
MR     .....                    I - amulet of rage
Stlth  ..........               N - +5 ring of evasion
                                l - ring of magical power

@: not resistant to hostile enchantments, extremely unstealthy
A: claws 1, molten scales 2, fire resistance 1, nightstalker 2
a: Depart the Abyss, Bend Space, Renounce Religion, Evoke Berserk Rage


You were on level 8 of the Dungeon.
You worshipped Lugonu.
Lugonu was pleased with you.
You were very hungry.

You visited 1 branch of the dungeon, and saw 8 of its levels.
You visited the Abyss 1 time.

You collected 323 gold pieces.

Inventory:

Hand Weapons
 a - a +1 hand axe
 w - a +2 whip of freezing
 K - a +1 hand axe of electrocution
 O - a +3 war axe (weapon)
 P - a cursed +0 dagger of draining
 Q - a cursed +3 flail
 S - a +1 dire flail of freezing
Armour
 b - a +0 leather armour
 i - a cursed +0 pair of boots (worn)
 j - a +2 pair of gloves of strength (worn)
 k - a +0 plate armour
 s - a +2 chain mail of fire resistance (worn)
 D - a +0 helmet (worn)
Jewellery
 l - a ring of magical power (left hand)
 C - an uncursed ring of stealth
 I - an amulet of rage (around neck)
 N - a +5 ring of evasion (right hand)
Scrolls
 d - 2 scrolls of fear {unknown}
 f - a scroll of enchant weapon {unknown}
 h - 3 scrolls of teleportation {unknown}
 m - 2 scrolls of immolation {unknown}
 o - 2 scrolls of fog {unknown}
 q - 6 scrolls of identify {unknown}
 r - 2 scrolls of enchant armour {unknown}
 u - 7 scrolls of remove curse {unknown}
 y - a scroll of recharging
 H - a scroll of amnesia
 L - 2 scrolls of magic mapping {unknown}
 R - a scroll of vulnerability {unknown}
Potions
 e - 2 potions of resistance {unknown}
 p - a potion of brilliance {unknown}
 t - 2 potions of agility {unknown}
 v - a potion of heal wounds {unknown}
 x - a potion of berserk rage {unknown}
 z - a potion of lignification {unknown}
 A - a potion of flight {unknown}
 E - 2 potions of magic {unknown}
 G - a potion of mutation {unknown}
 J - a potion of poison {unknown}
Books
 B - a book of the Tempests

   Spells                             Type                      Level
   a - Static Discharge               Conjuration/Air              3
   b - Lightning Bolt                 Conjuration/Air              5
   c - Fireball                       Conjuration/Fire             5
   d - Tornado                        Air                          9
   e - Shatter                        Earth                        9
 F - a book of Ice

   Spells                             Type                      Level
   a - Ice Form                       Ice/Transmutation            4
   b - Metabolic Englaciation         Hexes/Ice                    5
   c - Ozocubu's Refrigeration        Ice                          6
   d - Bolt of Cold                   Conjuration/Ice              6
   e - Freezing Cloud                 Conjuration/Ice/Air          6
   f - Simulacrum                     Ice/Necromancy               6
Comestibles
 c - 4 bread rations
 n - 5 meat rations
 M - a slice of pizza
 T - a fruit


   Skills:
 - Level 3.0 Fighting
 * Level 7.3 Axes
 + Level 6.4 Armour
 - Level 0.8 Dodging
 - Level 11.7 Invocations


You had 8 spell levels left.
You didn't know any spells.

Dungeon Overview and Level Annotations

Branches:
Dungeon (8/15)             Temple (0/1) D:6            Lair (0/8) D:8

Altars:
Cheibriados
Dithmenos
Elyvilon
Fedhas
Gozag
Makhleb
Okawaru
Ru
Vehumet
Xom

Annotations:
Abyss:1 Grum, Pikel


Innate Abilities, Weirdness & Mutations

You have sharp fingernails.
You are mostly covered in molten scales (AC +3, EV -1).
Your flesh is heat resistant.
You are significantly more attuned to the shadows.


Message History

The troll closely misses you.
Drink which item? (? for menu, Esc to quit)
You feel better. The troll bites you but does no damage.
The troll claws you but does no damage. x2
You closely miss the troll.
The troll is heavily wounded.
The troll bites you but does no damage. The troll claws you but does no damage.
The troll claws you but does no damage.
You closely miss the troll.
The troll is heavily wounded.
The troll bites you but does no damage. The troll barely misses you.
The troll barely misses you.
You barely miss the troll.
The troll is heavily wounded.
The troll closely misses you. The troll barely misses you.
The troll claws you but does no damage.
You slash the troll!
The troll is severely wounded.
The troll bites you!
You die...

### ## ##.### #.
##....## #.
#......### ##.
##@T.....##### #..
#...........## #..
#..#.........# #..
#.##.........# #..
#.##.........###..
####..........#...
#..............
##...........#.
#........#..#.


You could see a troll.

Vanquished Creatures
  2 sky beasts
  A water moccasin (D:5)
  A slave (D:7)
  A phantom (D:4)
  3 centaurs
  4 giant frogs
  A wyvern skeleton (D:6)
  2 killer bees (D:7)
  6 wights (D:7)
  A centaur zombie (D:5)
  2 orc wizards
  2 hounds
  A gnoll shaman (D:4)
  A jelly (D:8)
  Jessica (D:2)
  2 centaur skeletons
  5 worker ants
  3 hound skeletons
  4 gnolls (D:4)
  9 adders
  3 oozes (D:3)
  An adder zombie (D:5)
  4 worms
  An adder skeleton (D:8)
  7 giant geckos
  12 orcs
  7 bats
  9 hobgoblins
  8 jackals
  6 kobolds
  4 quokkas
  5 giant cockroaches
  10 giant newts
  9 goblins
  9 rats
147 creatures vanquished.

Vanquished Creatures (others)
  The ghost of chonchonts the Cleaver, a novice HOGl (D:5)
  A fire drake (D:8)
  3 wolves (D:8)
  3 slaves (D:7)
  An orc warrior (D:3)
  4 killer bees (D:7)
  3 wights (D:7)
  A crimson imp (D:7)
17 creatures vanquished.

Grand Total: 164 creatures vanquished

Notes
Turn   | Place    | Note
--------------------------------------------------------------
     0 | Abyss:1  | dorian the Demonspawn Abyssal Knight began the quest for the Orb.
     0 | Abyss:1  | Reached XP level 1. HP: 18/18 MP: 2/2
    59 | Abyss:1  | Noticed a shadow
    82 | D:1      | Escaped the Abyss
   225 | D:1      | Reached * piety under Lugonu
   324 | D:1      | Gained mutation: You are partially covered in molten scales (AC +1). [demonic ancestry]
   324 | D:1      | Reached XP level 2. HP: 10/24 MP: 4/4
   980 | D:2      | Gained mutation: You have sharp fingernails. [demonic ancestry]
   980 | D:2      | Reached XP level 3. HP: 21/29 MP: 5/5
  1108 | D:2      | Found a shimmering altar of Xom.
  1241 | D:2      | Reached ** piety under Lugonu
  1285 | D:2      | Noticed Jessica
  1296 | D:2      | Reached skill level 4 in Invocations
  1307 | D:2      | Killed Jessica
  1307 | D:2      | Reached XP level 4. HP: 27/35 MP: 7/7
  1972 | D:3      | Found a blossoming altar of Fedhas.
  2153 | D:3      | Found a burning altar of Makhleb.
  2608 | D:3      | Found a white marble altar of Elyvilon.
  2732 | D:3      | Found a shadowy altar of Dithmenos.
  2871 | D:4      | Noticed a phantom
  2876 | D:4      | Reached *** piety under Lugonu
  2894 | D:4      | Reached skill level 5 in Invocations
  2894 | D:4      | Gained mutation: Your flesh is heat resistant. [demonic ancestry]
  2894 | D:4      | Reached XP level 5. HP: 23/41 MP: 8/8
  3215 | D:4      | Killed a phantom
  3260 | D:4      | Noticed an orc warrior
  3342 | D:3      | Reached skill level 6 in Invocations
  3342 | D:3      | Gained mutation: You are slightly more attuned to the shadows. [demonic ancestry]
  3342 | D:3      | Reached XP level 6. HP: 6/47 MP: 10/10
  3361 | D:3      | HP: 2/47 [poisoned by a worker ant]
  4055 | D:3      | Banished an orc warrior
  4547 | D:4      | Found a snail-covered altar of Cheibriados.
  4686 | D:4      | Reached skill level 7 in Invocations
  4714 | D:4      | Gained mutation: You are mostly covered in molten scales (AC +3, EV -1). [demonic ancestry]
  4714 | D:4      | Reached XP level 7. HP: 36/52 MP: 12/12
  4780 | D:5      | Entered Level 5 of the Dungeon
  5118 | D:5      | Noticed chonchonts's ghost (novice HOGl)
  5118 | D:5      | Banished chonchonts's ghost
  5118 | D:5      | Reached skill level 8 in Invocations
  5140 | D:5      | Found an opulent altar of Gozag.
  5787 | D:6      | Gained mutation: You are significantly more attuned to the shadows. [demonic ancestry]
  5787 | D:6      | Reached XP level 8. HP: 55/58 MP: 14/14
  5923 | D:6      | Found a staircase to the Ecumenical Temple.
  5989 | D:6      | Reached skill level 9 in Invocations
  6083 | D:6      | Reached skill level 5 in Axes
  6447 | D:7      | Reached skill level 10 in Invocations
  6453 | D:7      | Reached skill level 5 in Armour
  6469 | D:7      | Noticed Pikel
  6486 | D:7      | Banished Pikel
  6486 | D:7      | Reached skill level 11 in Invocations
  6486 | D:7      | Reached XP level 9. HP: 10/63 MP: 17/17
  6791 | D:7      | Found an iron altar of Okawaru.
  7380 | D:7      | Found a sacrificial altar of Ru.
  7668 | D:8      | Found a radiant altar of Vehumet.
  7868 | D:8      | Noticed Grum
  7882 | D:8      | Banished Grum
  8195 | D:8      | Found a staircase to the Lair.
  8195 | D:8      | Noticed a fire drake
  8196 | D:8      | Banished a fire drake
  8348 | D:8      | HP: 3/63 [troll (10)]
  8353 | D:8      | Slain by a troll

Action                   |  1- 3 |  4- 6 |  7- 9 || total
-------------------------+-------+-------+-------++-------
Melee: Hand axe          |   147 |   109 |   102 ||   358
       Whip              |       |   236 |   104 ||   340
       War axe           |       |       |   127 ||   127
Invok: Depart the Abyss  |     1 |       |       ||     1
       Banish            |       |     2 |    12 ||    14
  Use: Potion            |       |       |     5 ||     5
       Scroll            |       |       |     2 ||     2
  Eat: Chunk             |     2 |    10 |    13 ||    25
       Pizza             |       |     1 |       ||     1
       Beef jerky        |       |       |     1 ||     1
